 Dungeon Crawl Stone Soup version bcrawl-1.24.2 (webtiles) character file.

Game seed: 5068802564397415045

172 Freyura the Skirmisher (level 5, -6/34 HPs)
             Began as a Gargoyle Fighter on June 21, 2020.
             Was an Initiate of Makhleb.
             Mangled by an ogre
             ... wielding the cursed +0 dire flail of Valour {crush, *Contam Int+2 Dex+3}
              (9 damage)
             ... on level 3 of the Dungeon.
             The game lasted 00:06:45 (2122 turns).

Freyura the Skirmisher (Gargoyle Fighter)           Turns: 2122, Time: 00:06:45

Health: -6/34      AC: 13    Str: 24    XL:     5   Next: 52%
Magic:  5/5        EV:  6    Int:  9    God:    Makhleb [......]
Gold:   177        SH:  9    Dex: 10    Spells: 4/4 levels left

rFire    . . .     SeeInvis .   a - +1 flail
rCold    . . .     Gourm    .   c - +0 medium shield
rNeg     + . .     Faith    .   b - +0 scale mail
rPois    ∞         Spirit   .   (no helmet)
rElec    +         Reflect  .   f - +1 cloak
rCorr    .         Harm     .   (no gloves)
MR       .....                  (no boots)
Stlth    ..........             (no amulet)
HPRegen  0.11/turn              (no ring)
MPRegen  0.09/turn              (no ring)

@: mighty
A: negative energy resistance 1, electricity resistance, unbreathing,
petrification resistance, rot immunity, AC +4
a: Renounce Religion


You were on level 3 of the Dungeon.
You worshipped Makhleb.
Makhleb was noncommittal.
You were very hungry.

You visited 1 branch of the dungeon, and saw 3 of its levels.

You collected 177 gold pieces.

Inventory:

Hand Weapons
 a - a +1 flail (weapon)
Armour
 b - a +0 scale mail (worn)
 c - a +0 medium shield (worn)
 f - a +1 cloak (worn)
 s - a +0 chain mail
Scrolls
 h - 2 scrolls of teleportation
Potions
 g - 2 potions of lignification
 j - 4 potions of resistance
 k - a potion of curing
 m - a potion of heal wounds {unknown}
 n - a potion of agility {unknown}
 o - a potion of haste {unknown}
 q - 2 potions of flight
Comestibles
 e - 6 rations {!d}


   Skills:
 * Level 4.4 Fighting
 * Level 3.3 Maces & Flails
 + Level 3.8 Armour
 + Level 1.2 Dodging
 + Level 4.0 Shields
 + Level 1.0 Invocations


You had 4 spell levels left.
You didn't know any spells.
Your spell library was empty.

Dungeon Overview and Level Annotations

Branches:
Dungeon (3/12)

Altars:
Makhleb
Xom

Annotations:
D:3 1 transporter


Innate Abilities, Weirdness & Mutations

You are resistant to torment.
Your stone body is resilient. (AC +4)
You are immune to poison.
You resist negative energy. (rN+)
You are resistant to electric shocks. (rElec)
You can survive without breathing.
You are immune to petrification.
You are immune to rotting.


Message History

You destroy Delver's ghost!
Makhleb accepts your kill.
Your Maces & Flails skill increases to level 3!
Your Shields skill increases to level 4!
Your Invocations skill increases to level 1!
You have reached level 5!
The ogre hits you with a cursed -2 giant club!
You hit the ogre.
The ogre is moderately wounded.
You block the ogre's attack.
The ogre hits you with a cursed -2 giant club!!
Ouch! That really hurt!
* * * LOW HITPOINT WARNING * * *
You barely miss the ogre.
The ogre is moderately wounded.
You block the ogre's attack.
The ogre hits you with a cursed -2 giant club.
* * * LOW HITPOINT WARNING * * *
The ogre hits you with the cursed +0 dire flail of Valour {crush, *Contam Int+2 Dex+3}!
You die...

#.# #..#####.# #.#
#.....##.# #.#
##.##.##(# #.#
#.##.##.# #.#
#.##.##.# #.#
#.##.##.# #.#
#.##.##.# #.#
############# #.#
#©....©.O@..# #.#
#..##...##O.#
..######.#..#.#..#.#
.......#.#..#.#..#.#
########..##...##..#
#.#.....$$....##
#.##############
##...§§§§§§§§...#
#####.......§§§######


You could see 2 ogres.

Vanquished Creatures
  The ghost of Delver the Vexing, an amateur HuAM of Nemelex Xobeh (D:3)
  2 adders (D:3)
  An ooze (D:3)
  3 worms (D:2)
  2 dart slugs
  4 leopard geckos
  An orc (D:3)
  3 goblins
  4 hobgoblins
  2 jackals (D:3)
  2 quokkas (D:3)
  9 bats
  5 frilled lizards
  11 kobolds
  9 rats
59 creatures vanquished.

Notes
Turn   | Place    | Note
-------+----------+-------------------------------------------
     0 | D:1      | Freyura the Gargoyle Fighter began the quest for the Orb.
     0 | D:1      | Reached XP level 1. HP: 14/14 MP: 1/1
   136 | D:1      | Reached XP level 2. HP: 19/19 MP: 2/2
   282 | D:1      | Reached XP level 3. HP: 23/24 MP: 3/3
  1045 | D:2      | Reached XP level 4. HP: 21/29 MP: 4/4
  1299 | D:2      | Found a shimmering altar of Xom.
  1306 | D:2      | Found a burning altar of Makhleb.
  1311 | D:2      | Became a worshipper of Makhleb the Destroyer
  1725 | D:3      | Reached skill level 1 in Dodging
  1860 | D:3      | Noticed an ogre
  1861 | D:3      | Noticed Delver's ghost (amateur HuAM)
  1862 | D:3      | Found a transporter.
  1862 | D:3      | Identified the cursed +0 dire flail of Valour {crush,
                  | *Contam Int+2 Dex+3}
  1862 | D:3      | Noticed an ogre
  1870 | D:3      | Found a transporter.
  2120 | D:3      | Killed Delver's ghost
  2120 | D:3      | Reached skill level 1 in Invocations
  2120 | D:3      | Reached XP level 5. HP: 33/34 MP: 5/5
  2122 | D:3      | Mangled by an ogre

Skill      XL: |  1  2  3  4 |
---------------+-------------+-----
Fighting       | 4 |  4.4
Dodging        | 1 |  1.2
Maces & Flails | 3 |  3.3
Shields        | 4 |  4.0
Invocations    | 1 |  1.0
Armour         | |  3.8

Action                   |  1- 3 |  4- 6 || total
-------------------------+-------+-------++-------
Melee: Flail             |   166 |    78 ||   244
  Use: Scroll            |       |    11 ||    11
       Potion            |       |     1 ||     1
  Eat: Chunk             |     1 |     2 ||     3
Armor: Scale mail        |   129 |    45 ||   174
Dodge: Dodged            |    39 |    17 ||    56
Block: Medium shield     |   111 |    41 ||   152
